 Dungeon Crawl Stone Soup version 0.26-a0-466-g989023bd0d (webtiles) character file.

Game seed: 15701484989490791760

202844 KristoblXynda the Fencer (level 17, -11/148 HPs)
             Began as a Green Draconian Berserker on July 29, 2020.
             Was the Champion of Trog.
             Mangled by a cyan very ugly thing (22 damage)
             ... on level 15 of the Dungeon.
             The game lasted 01:17:22 (40579 turns).

KristoblXynda the Fencer (DrBe)                    Turns: 40579, Time: 01:17:22

Health: -11/148    AC: 17    Str: 26    XL:     17   Next: 96%
Magic:  17/17      EV: 21    Int: 13    God:    Trog [******]
Gold:   1161       SH: 14    Dex: 12    Spells: 16/16 levels left

rFire    + . .     SeeInvis .   S - +8 demon blade (vorpal)
rCold    + . .     Faith    .   f - +0 kite shield {rF+}
rNeg     + . .     Spirit   .   (armour unavailable)
rPois    +         Reflect  .   I - +1 hat {MR+}
rElec    .         Harm     .   e - +1 cloak {MR+}
rCorr    +                      P - +2 pair of gloves {Str+3}
MR       ++++.                  C - +1 pair of boots {rampage}
Stlth    +++.......             h - amulet of regeneration
HPRegen  0.74/turn              U - ring "Qoigir" {+Fly rN+ MR+ rCorr}
MPRegen  0.15/turn              H - ring of Heppup {rC+ Str+3}

@: studying 3 skills, drained
A: breathe noxious fumes, unfitting armour, stinger 1, poison resistance,
cold-blooded, AC +9
}: 1/15 runes: serpentine
a: Breathe Noxious Fumes, Berserk, Trog's Hand, Brothers in Arms, Renounce
Religion, Evoke Flight


You were on level 15 of the Dungeon.
You worshipped Trog.
Trog was exalted by your worship.
You visited 7 branches of the dungeon, and saw 30 of its levels.
You also visited: Bailey and Gauntlet.

You collected 2978 gold pieces.
You spent 1817 gold pieces at shops.

Inventory:

Hand Weapons
 S - a +8 vorpal demon blade (weapon)
Armour
 e - a +1 cloak of magic resistance (worn)
 f - a +0 kite shield of fire resistance (worn)
 C - a +1 pair of boots of rampaging (worn)
 I - a +1 hat of magic resistance (worn)
 P - a +2 pair of gloves of strength (worn)
Jewellery
 h - an amulet of regeneration (around neck)
 H - the ring of Heppup (right hand) {rC+ Str+3}
   (You found it in a Gauntlet)

   [ring of protection from cold]

   It affects your strength (+3).
   It protects you from cold.
 U - the ring "Qoigir" (left hand) {+Fly rN+ MR+ rCorr}
   (You found it on level 1 of the Elven Halls)

   [ring of resist corrosion]

   It protects you from negative energy.
   It affects your resistance to hostile enchantments.
   It lets you fly.
   It provides partial protection from all sources of acid and corrosion.
Wands
 m - a wand of paralysis (18)
 A - a wand of iceblast (15)
 M - a wand of acid (5)
 R - a wand of digging (13)
Scrolls
 b - 2 scrolls of magic mapping
 g - 5 scrolls of fog
 i - 8 scrolls of remove curse
 k - 2 scrolls of fear
 r - 8 scrolls of teleportation
 v - 2 scrolls of silence
 D - 2 scrolls of immolation
 E - 3 scrolls of enchant armour
 K - a scroll of blinking
 N - 2 scrolls of identify
Potions
 a - 2 potions of heal wounds
 c - 5 potions of haste
 j - 11 potions of curing
 l - 4 potions of mutation
 p - 6 potions of stabbing
 q - 5 potions of flight
 s - a potion of resistance
 u - a potion of cancellation
 w - 8 potions of lignification
 x - 4 potions of magic
 z - 2 potions of invisibility
 B - 2 potions of berserk rage
 G - a potion of ambrosia
 L - 2 potions of might
Books
 d - a manual of Dodging
 t - a manual of Evocations
 Q - a manual of Invocations
Miscellaneous
 F - a phial of floods
 O - a box of beasts
 T - a lightning rod (4/4)


   Skills:
 + Level 12.5(11.7) Fighting
 + Level 16.6(15.8) Long Blades
 + Level 16.5(15.7) Dodging
 - Level 5.4(4.8) Stealth
 - Level 15.0(14.2) Shields
 + Level 14.3(13.5) Evocations


You had 16 spell levels left.
You didn't know any spells.
Your spell library contained the following spells:

 Spells                   Type           Power        Failure   Level
 Foxfire                  Conj/Fire      #...         32%         1
 Sandblast                Erth           #.....       32%         1
 Sting                    Tmut/Pois      #...         32%         1
 Blink                    Tloc           N/A          45%         2
 Passwall                 Tmut/Erth      #.......     45%         2
 Poisonous Vapours        Pois/Air       #.....       45%         2
 Conjure Flame            Conj/Fire      #.......     69%         3
 Gell's Gravitas          Tloc           #.........   69%         3
 Ignite Poison            Fire/Tmut/Pois #.......     69%         3
 Inner Flame              Hex/Fire       #.......     69%         3
 Lesser Beckoning         Tloc           #.........   69%         3
 Mephitic Cloud           Conj/Pois/Air  #.......     69%         3
 Static Discharge         Conj/Air       #.......     69%         3
 Stone Arrow              Conj/Erth      #.....       69%         3
 Teleport Other           Tloc           #.......     69%         3
 Olgreb's Toxic Radiance  Pois           #.......     97%         4
 Passage of Golubria      Tloc           N/A          97%         4
 Petrify                  Tmut/Erth      #.......     97%         4
 Sticky Flame             Conj/Fire      #.......     97%         4
 Fireball                 Conj/Fire      #.........   100%        5
 Lee's Rapid Deconstruct  Erth           #.........   100%        5
 Lightning Bolt           Conj/Air       #.........   100%        5
 Freezing Cloud           Conj/Ice/Air   #.........   100%        6
 Ignition                 Fire           #.........   100%        8
 Shatter                  Erth           #.........   100%        9
 Tornado                  Air            #.........   100%        9


Dungeon Overview and Level Annotations

Branches:
Dungeon (15/15)            Temple (1/1) D:7            Lair (6/6) D:8
 Shoals (0/4) Lair:4        Snake (4/4) Lair:3        Slime (0/5) Lair:6
    Orc (2/2) D:10            Elf (1/3) Orc:2        Vaults (0/5) D:13
 Depths (1/5) D:15         Bailey (visited)         Gauntlet (visited)

Altars:
Ashenzari
Cheibriados
Dithmenos
Elyvilon
Fedhas
Gozag
Hepliaklqana
Kikubaaqudgha
Makhleb
Nemelex Xobeh
Okawaru
Qazlal
Ru
Sif Muna
Trog
Uskayaw
Vehumet
Wu Jian
Xom
Yredelemnul
Zin
The Shining One
Beogh
Jiyva

Shops:
D:5 [   D:6 }[   D:8 :   D:11 *   D:12 *   D:13 [   Orc:2 *[:(   Elf:1 (
Snake:4 *

Annotations:
D:3 2 transporters
Lair:6 1 runed translucent door


Innate Abilities, Weirdness & Mutations

You can breathe blasts of noxious fumes.
Your lurid green scales are hard. (AC +9)
You cannot fit into any form of body armour.
Your tail ends in a poisonous barb.
Your system is resistant to poisons. (rPois)
You are cold-blooded and may be slowed by cold attacks.


Message History

The cyan very ugly thing stings you! The cyan very ugly thing shocks you!!
You hit the cyan very ugly thing but do no damage.
The cyan very ugly thing is moderately wounded.
The cyan very ugly thing stings you! The cyan very ugly thing shocks you!!
* * * LOW HITPOINT WARNING * * *
You hit the cyan very ugly thing but do no damage.
Your tail-slap misses the cyan very ugly thing.
The cyan very ugly thing is moderately wounded.
You barely miss the cyan very ugly thing.
The cyan very ugly thing is moderately wounded.
The cyan very ugly thing stings you.
* * * LOW HITPOINT WARNING * * *
The cyan very ugly thing shocks you!!
* * * LOW HITPOINT WARNING * * *
Unknown command.
The cyan very ugly thing stings you but does no damage.
The cyan very ugly thing stings you!
* * * LOW HITPOINT WARNING * * *
The cyan very ugly thing shocks you!!
You die...

#.##.##.#.#
#.#.....#.#
##.#######.#
#.........^#######
#.##########.....##
#.# #####.......##
#.# ##.....#####.>#
#.#
##..[##.u.....##
#.###..8.###.@...##
#.##......########
#.####.#.## #.#
#...# #.# #.### #.#
#.# #.# #.# #.# #.#
#.# #.#


You could see a cyan very ugly thing.

Vanquished Creatures
  Vashnia (Snake:3)
  Rupert (Orc:2)
  The ghost of melvinkitnick the Brawler, an adept TrMo of Dithmenos (Snake:4)
  Gastronok (Lair:1)
  The ghost of Ukiuroaf the Spry, an adept DrWz of Hepliaklqana (Snake:3)
  10 nagarajas
  2 orc warlords (Orc:2)
  Aizul (Snake:4)
  A deep elf sorcerer (Elf:1)
  A minotaur (Gauntlet)
  Snorg (Orc:2)
  A jiangshi (Depths:1)
  3 fire dragons
  Josephine (D:12)
  An ogre mage (D:15)
  Erolcha (Orc:2)
  5 hydras
  11 naga warriors
  4 anacondas
  4 dancing weapons (Elf:1)
  8 centaur warriors
  10 death yaks
  3 tengu warriors
  9 two-headed ogres
  2 orc high priests (Orc:2)
  Nergalle (Lair:4)
  A vampire mage (Depths:1)
  15 naga sharpshooters
  Urug (D:10)
  9 shock serpents
  A slime creature (D:15)
  A deep elf knight (Elf:1)
  2 salamander mystics
  An unseen horror (D:10)
  2 wizards
  2 sea snakes (Snake:4)
  6 naga ritualists
  A death drake (Gauntlet)
  6 orc knights
  7 deep elf magi (Elf:1)
  A lindwurm (Lair:4)
  5 mana vipers
  A necromancer (Gauntlet)
  5 cyclopes
  4 orc sorcerers (Orc:2)
  2 ugly things
  13 salamanders
  4 oklob plants (Lair:5)
  A wolf spider (Lair:6)
  2 spectral centaurs (Gauntlet)
  3 manticores
  6 centaur zombies
  6 guardian serpents
  18 naga magi
  An elephant (shapeshifter) (D:13)
  35 black mambas
  A moth of wrath (Gauntlet)
  11 elephants
  A torpor snail (Lair:4)
  A gargoyle (D:13)
  4 kobold demonologists
  Maggie (D:6)
  16 cane toads
  12 rime drakes
  5 komodo dragons
  A freezing wraith (D:15)
  A tengu conjurer (Depths:1)
  8 trolls
  6 meliai (D:14)
  A polar bear (Lair:3)
  2 hornets (Lair:6)
  A wolf spider simulacrum (D:12)
  4 spectral nagas (Snake:4)
  3 blink frogs (Lair:2)
  A spectral black mamba (Snake:4)
  A blink frog (shapeshifter) (D:13)
  A dream sheep (Lair:1)
  9 hippogriffs
  A shock serpent simulacrum (Snake:4)
  2 water elementals (Elf:1)
  14 wyverns
  2 redbacks (Lair:6)
  4 vampires
  6 wraiths
  50 yaks
  4 basilisks
  8 vampire mosquitoes
  9 steam dragons
  60 nagas
  5 wargs (Orc:2)
  28 water moccasins
  11 porcupines
  Duvessa (D:5)
  A swamp drake (D:8)
  3 ice beasts
  6 sky beasts
  An ice beast (shapeshifter) (D:13)
  An eye of draining (D:13)
  An eye of draining (shapeshifter) (D:13)
  45 orc warriors
  A necrophage (D:10)
  3 phantoms
  A boggart (Elf:1)
  29 centaurs
  A black mamba simulacrum (Snake:4)
  18 ogres
  16 wolves
  7 crocodiles
  5 big kobolds
  Blork the orc (Orc:2)
  16 bullfrogs
  2 gnoll sergeants (D:9)
  3 wyvern skeletons
  A hornet simulacrum (D:14)
  3 scorpions
  Dowan (D:5)
  7 killer bees
  4 wights (D:8)
  5 howler monkeys
  2 electric eels
  3 bullfrog zombies
  3 quasits
  3 hounds
  3 jellies
  A gnoll shaman (D:9)
  5 centaur skeletons
  26 orc priests
  28 orc wizards
  4 iguanas
  12 worker ants
  A hound zombie (D:8)
  A hound skeleton (D:10)
  A worker ant zombie (D:9)
  A howler monkey skeleton (D:4)
  21 gnolls
  11 adders
  2 naga simulacra (Snake:4)
  2 shadow imps
  A white imp (D:7)
  An ooze (D:2)
  An adder skeleton (D:4)
  4 worms
  3 dart slugs
  A leopard gecko (D:3)
  93 orcs
  15 bats
  4 giant cockroaches
  7 goblins
  7 hobgoblins
  10 jackals
  6 quokkas
  3 ball pythons
  3 frilled lizards
  A jackal skeleton (D:4)
  28 kobolds
  A leopard gecko skeleton (D:4)
  A quokka skeleton (D:5)
  7 rats
  A fungus (Lair:5)
  2 plants
1055 creatures vanquished.

Vanquished Creatures (collateral kills)
  A hydra (Lair:1)
  An orc sorcerer (Orc:2)
  4 orc warriors (Orc:2)
  3 orc wizards (Orc:2)
  2 orcs (Orc:2)
11 creatures vanquished.

Vanquished Creatures (others)
  2 rime drakes (Lair:4)
  A spectral naga (Snake:4)
  An orc wizard (D:13)
  An orc (Orc:2)
  3 fungi
  16 plants
24 creatures vanquished.

Grand Total: 1090 creatures vanquished

Notes
Turn   | Place    | Note
-------+----------+-------------------------------------------
     0 | D:1      | KristoblXynda the Draconian Berserker began the quest for
                  | the Orb.
     0 | D:1      | Reached XP level 1. HP: 19/19 MP: 1/1
   484 | D:1      | Reached XP level 2. HP: 24/26 MP: 2/2
  1083 | D:1      | Reached XP level 3. HP: 33/33 MP: 3/3
  1352 | D:2      | Reached ** piety under Trog
  1562 | D:2      | Found a faded altar of an unknown god.
  1763 | D:2      | Reached XP level 4. HP: 30/40 MP: 4/4
  1995 | D:2      | Found a shimmering blue altar of Sif Muna.
  2126 | D:3      | Noticed a bullfrog
  2138 | D:3      | Killed a bullfrog
  2138 | D:3      | Reached XP level 5. HP: 31/46 MP: 5/5
  2256 | D:3      | Found a transporter.
  2273 | D:3      | Found a transporter.
  2513 | D:3      | Reached *** piety under Trog
  2713 | D:3      | Found a blossoming altar of Fedhas.
  3060 | D:4      | Reached skill level 5 in Long Blades
  3291 | D:4      | Noticed an ogre
  3302 | D:4      | Killed an ogre
  3302 | D:4      | Reached XP level 6. HP: 53/53 MP: 6/6
  3552 | D:4      | Reached skill level 5 in Fighting
  3622 | D:4      | Found an iron altar of Okawaru.
  3855 | D:5      | Entered Level 5 of the Dungeon
  3999 | D:5      | Noticed a sky beast
  4007 | D:5      | Killed a sky beast
  4007 | D:5      | Your scales start taking on a lurid green colour.
  4007 | D:5      | Reached XP level 7. HP: 61/61 MP: 7/7
  4007 | D:5      | Gained mutation: Your system is resistant to poisons.
                  | (rPois) [Green Draconian growth]
  4382 | D:5      | Noticed Dowan
  4391 | D:5      | Killed Dowan
  4391 | D:5      | Reached skill level 1 in Shields
  4393 | D:5      | Noticed Duvessa
  4401 | D:5      | Killed Duvessa
  4582 | D:5      | Found Yleixkoc's Armour Shop.
  5088 | D:6      | Reached **** piety under Trog
  5093 | D:6      | Reached XP level 8. HP: 70/70 MP: 8/8
  5094 | D:6      | Reached skill level 5 in Dodging
  5245 | D:6      | Noticed Maggie
  5255 | D:6      | Killed Maggie
  5449 | D:6      | Found a sparkling altar of Nemelex Xobeh.
  5498 | D:6      | Found Faudeo's Antique Armour Emporium.
  5546 | D:6      | Found a bloodstained altar of Trog.
  5781 | D:6      | Found a glowing silver altar of Zin.
  5873 | D:6      | Found Uziugiv's Gadget Boutique.
  6147 | D:7      | Found a staircase to the Ecumenical Temple.
  6172 | Temple   | Entered the Ecumenical Temple
  6790 | D:7      | Reached XP level 9. HP: 66/79 MP: 9/9
  7747 | D:8      | Found a hazy altar of Hepliaklqana.
  7749 | D:8      | Found a shimmering altar of Xom.
  7750 | D:8      | Noticed a spectral ugly thing
  7769 | D:8      | Found an ancient bone altar of Kikubaaqudgha.
  7780 | D:8      | Reached skill level 5 in Shields
  7819 | D:8      | Reached ***** piety under Trog
  7886 | D:8      | Found Laagen's Book Shop.
  8185 | D:8      | Noticed a two-headed ogre
  8200 | D:8      | Killed a two-headed ogre
  8680 | D:8      | Reached XP level 10. HP: 78/90 MP: 10/10
  8773 | D:8      | Found a staircase to the Lair.
  9032 | D:6      | Bought a pair of embroidered boots for 262 gold pieces
  9330 | D:9      | Received a gift from Trog
  9539 | D:9      | Got a steaming dagger
  9540 | D:9      | Identified the +5 dagger of Meetheon {vorpal, +Inv} (You
                  | found it on level 9 of the Dungeon)
 10001 | D:10     | Entered Level 10 of the Dungeon
 10023 | D:10     | Found a shattered altar of Ashenzari.
 10224 | D:10     | Reached XP level 11. HP: 76/99 MP: 11/11
 10449 | D:10     | Reached skill level 10 in Fighting
 10453 | D:10     | Reached skill level 10 in Long Blades
 10592 | D:10     | Noticed Urug
 10615 | D:10     | Killed Urug
 10906 | D:10     | Found a staircase to the Orcish Mines.
 11187 | D:10     | Killed an unseen horror
 11187 | D:10     | Reached skill level 1 in Evocations
 11592 | Orc:1    | Entered Level 1 of the Orcish Mines
 11620 | D:11     | Found Lush's Assorted Antiques.
 11620 | D:11     | Noticed a two-headed ogre
 11630 | D:11     | Killed a two-headed ogre
 11640 | D:11     | You fall into a shaft and drop 1 floor!
 11655 | D:12     | Noticed a two-headed ogre
 11663 | D:12     | Killed a two-headed ogre
 11733 | D:12     | Found Cukoex's General Store.
 11755 | D:12     | Noticed Josephine
 11765 | D:12     | Killed Josephine
 11792 | D:12     | Found a gate leading to a gauntlet.
 11801 | Gauntlet | Entered a Gauntlet
 11801 | Gauntlet | Found a transporter.
 11801 | Gauntlet | Found a transporter.
 11801 | Gauntlet | Found a runed translucent door.
 11954 | Gauntlet | Found a runed translucent door.
 11964 | Gauntlet | Found a transporter.
 11982 | Gauntlet | Found a transporter.
 11982 | Gauntlet | Found a transporter.
 11982 | Gauntlet | Found a transporter.
 11984 | Gauntlet | Found a transporter.
 11984 | Gauntlet | Found a transporter.
 11986 | Gauntlet | Noticed a death yak
 11986 | Gauntlet | Noticed a death yak
 11986 | Gauntlet | Noticed a death yak
 11987 | Gauntlet | Noticed a death yak
 11987 | Gauntlet | Noticed a necromancer
 11999 | Gauntlet | Found a transporter.
 12004 | Gauntlet | Found a runed translucent door.
 12011 | Gauntlet | Found a transporter.
 12011 | Gauntlet | Noticed a death drake
 12018 | Gauntlet | Noticed a dire elephant
 12021 | Gauntlet | Found a transporter.
 12035 | Gauntlet | Found a transporter.
 12058 | Gauntlet | Found a transporter.
 12060 | Gauntlet | Found a runed translucent door.
 12069 | Gauntlet | Noticed a necromancer
 12070 | Gauntlet | Found a runed translucent door.
 12074 | Gauntlet | Found a transporter.
 12149 | Gauntlet | Killed a necromancer
 12369 | Gauntlet | Got a scorched pewter ring
 12370 | Gauntlet | Identified the ring of Heppup {rC+ Str+3} (You found it in
                  | a Gauntlet)
 12399 | Gauntlet | Killed a death drake
 12399 | Gauntlet | Reached XP level 12. HP: 92/101 MP: 12/12
 12656 | Gauntlet | Got a fine hat
 12771 | Gauntlet | Identified the +1 hat of Ymias {-Tele rF+ rN++ Str-2} (You
                  | found it in a Gauntlet)
 12801 | Gauntlet | Identified the amulet of Soxidif {Faith rElec Dex+4}
 12801 | Gauntlet | Noticed a minotaur
 12815 | Gauntlet | Killed a minotaur
 13097 | D:12     | Reached skill level 5 in Evocations
 13448 | D:13     | Found a gate to the Vaults.
 13499 | D:13     | Reached skill level 10 in Dodging
 13521 | D:13     | Received a gift from Trog
 13523 | D:13     | Got a fine long sword {god gift}
 13559 | D:13     | Found Enaps's Armour Shoppe.
 13579 | D:13     | Identified the +8 long sword "Fuocvyh" {vorpal, +Rage Str-2
                  | Int+3 Dex+2} (Trog gifted it to you on level 13 of the
                  | Dungeon)
 13595 | D:13     | Found a flagged portal.
 13605 | Bailey   | Entered a bailey
 13967 | Bailey   | Reached skill level 10 in Shields
 14356 | D:13     | Noticed a two-headed ogre
 14365 | D:13     | Killed a two-headed ogre
 15177 | D:14     | Received a gift from Trog
 15246 | D:14     | Noticed a centaur warrior
 15256 | D:14     | Reached XP level 13. HP: 65/113 MP: 13/13
 16332 | D:11     | Reached ****** piety under Trog
 17079 | Lair:1   | Entered Level 1 of the Lair of Beasts
 17236 | Lair:1   | Noticed Gastronok
 17254 | Lair:1   | Killed Gastronok
 19204 | Lair:2   | Found an opulent altar of Gozag.
 19424 | Lair:2   | Received a gift from Trog
 20253 | Lair:3   | Gained mutation: Your tail ends in a poisonous barb. [Green
                  | Draconian growth]
 20253 | Lair:3   | Reached XP level 14. HP: 69/121 MP: 14/14
 20865 | Lair:3   | Found a staircase to the Snake Pit.
 21725 | Lair:4   | Found a staircase to the Shoals.
 21863 | Lair:4   | Noticed Nergalle
 21895 | Lair:4   | Killed Nergalle
 21895 | Lair:4   | Received a gift from Trog
 21935 | Lair:4   | HP: 2/181 [death yak[a torpor snail] (27)]
 22600 | Lair:4   | You fall into a shaft and drop 1 floor!
 23079 | Lair:5   | Reached skill level 10 in Evocations
 24090 | Lair:6   | Entered Level 6 of the Lair of Beasts
 24248 | Lair:6   | Reached skill level 1 in Stealth
 24269 | Lair:6   | Received a gift from Trog
 24269 | Lair:6   | Reached XP level 15. HP: 106/126 MP: 15/15
 24872 | Lair:6   | Found a runed translucent door.
 24872 | Lair:6   | Found a viscous altar of Jiyva.
 24872 | Lair:6   | Found a staircase to the Slime Pits.
 24872 | Lair:6   | Noticed an acid blob
 24872 | Lair:6   | Noticed an acid blob
 24872 | Lair:6   | Noticed an acid blob
 26131 | D:15     | Entered Level 15 of the Dungeon
 26786 | D:15     | Got a translucent turquoise ring
 26861 | D:15     | Identified the ring "Mynn" {+Blink MR- MP+9 Str-4 Stlth-}
                  | (You found it on level 15 of the Dungeon)
 27104 | D:15     | Found a staircase to the Depths.
 27318 | D:15     | Received a gift from Trog
 27461 | Depths:1 | Entered Level 1 of the Depths
 28338 | Orc:2    | Entered Level 2 of the Orcish Mines
 28386 | Orc:2    | Noticed Rupert
 28400 | Orc:2    | Killed Rupert
 28424 | Orc:2    | Found a roughly hewn altar of Beogh.
 28523 | Orc:2    | Noticed Snorg
 28549 | Orc:2    | Killed Snorg
 28633 | Orc:2    | Noticed Erolcha
 28647 | Orc:2    | Killed Erolcha
 28674 | Orc:2    | Received a gift from Trog
 28843 | Orc:2    | Found a staircase to the Elven Halls.
 28947 | Orc:2    | Noticed an orc warlord
 28969 | Orc:2    | Killed an orc warlord
 29158 | Orc:2    | Reached XP level 16. HP: 137/137 MP: 16/16
 29175 | Orc:2    | Noticed Blork the orc
 29182 | Orc:2    | Killed Blork the orc
 29218 | Orc:2    | Reached skill level 15 in Long Blades
 29234 | Orc:1    | You fall into a shaft and drop 1 floor!
 29681 | Orc:2    | Found a roughly hewn altar of Beogh.
 29687 | Orc:2    | Found Baizu's Antique Armour Shop.
 29713 | Orc:2    | Found Uhuini's General Store.
 29721 | Orc:2    | Bought a potion of heal wounds for 70 gold pieces
 29730 | Orc:2    | Found Zaboiq's Book Shop.
 29748 | Orc:2    | Found Georiwn's Antique Weapon Shop.
 30095 | Orc:2    | Bought a manual of Dodging for 1324 gold pieces
 30111 | Orc:2    | Bought a +0 kite shield of fire resistance for 161 gold
                  | pieces
 30424 | Snake:1  | Entered Level 1 of the Snake Pit
 30441 | Snake:1  | Received a gift from Trog
 30749 | Snake:1  | Reached skill level 5 in Stealth
 31329 | Snake:1  | Identified a scroll of acquirement
 31359 | Snake:1  | Acquired a manual of Evocations
 34029 | Snake:3  | Found a runed translucent door.
 34030 | Snake:3  | Noticed Ukiuroaf's ghost (adept DrWz)
 34141 | Snake:3  | Killed Ukiuroaf's ghost
 34910 | Snake:3  | Received a gift from Trog
 35052 | Snake:3  | Noticed Vashnia
 35107 | Snake:3  | Reached skill level 15 in Dodging
 35110 | Snake:3  | Killed Vashnia
 35110 | Snake:3  | Reached XP level 17. HP: 47/146 MP: 17/17
 35501 | Snake:4  | Entered Level 4 of the Snake Pit
 36323 | Snake:4  | Found Lyuz's Assorted Antiques.
 36368 | Snake:4  | Found a runed translucent gate.
 36368 | Snake:4  | Found a runed translucent gate.
 36368 | Snake:4  | Found a runed translucent gate.
 36369 | Snake:4  | Noticed melvinkitnick's ghost (adept TrMo)
 36594 | Snake:4  | Received a gift from Trog
 36642 | Snake:4  | Killed melvinkitnick's ghost
 37206 | Snake:4  | Noticed Aizul
 37231 | Snake:4  | Killed Aizul
 37913 | Snake:4  | Reached skill level 15 in Shields
 38496 | Snake:4  | Got a serpentine rune of Zot
 38991 | Elf:1    | Entered Level 1 of the Elven Halls
 39101 | Elf:1    | Received a gift from Trog
 39131 | Elf:1    | Found Wur Ymio's Antique Weapon Emporium.
 39658 | Elf:1    | Got a transparent ivory ring
 39660 | Elf:1    | Identified the ring "Qoigir" {+Fly rN+ MR+ rCorr} (You
                  | found it on level 1 of the Elven Halls)
 40579 | D:15     | Mangled by a cyan very ugly thing

Illustrated notes

Levels and vault maps discovered:
D:1:      mrwooster_arrival_statue_3, layout_basic, serial_glass,
          glass_columns_a, glass_columns_c, glass_columns_b, glass_columns_a,
          glass_columns_b, glass_columns_a
D:2:      layout_basic, led_sif_pool, chequers_ecumenical_altar_island
D:3:      gammafunk_wand_slinger, layout_loops_ring, fedhas_altar_fruit_tree
D:4:      layout_gridville, nicolae_overflow_hidden_temple
D:5:      minmay_evil_eye, layout_basic, serial_shops, kennysheep_little_box,
          minmay_misc_feat_iff, uniq_duvessa
D:6:      layout_loops_cross, lemuel_crystal_altar, grunt_temple_overflow_open,
          serial_shops, shop, nicolae_shop_stone, kennysheep_boxes, uniq_maggie
D:7:      layout_gridville, minmay_temple_entry_grid, minivault_4
D:8:      layout_cave_pools, regret_index_temple_of_mockery,
          overflow_temple_1_default, erik_lair_dragon, serial_shops, shop,
          kennysheep_potato
D:9:      layout_rooms, st_stairs_14, grunt_ministairs_13
D:10:     layout_gridville, orc_0_dummy, ashenzari_altar_1, uniq_urug
D:11:     layout_long_grid, serial_shops, nicolae_shop_overgrown_old_shop
D:12:     layout_roguey, gauntlet_entry_generic, serial_shops, shop,
          uniq_josephine
D:13:     layout_rooms, david_vaults_2, serial_shops, nicolae_shop_behind_doors,
          enter_bailey_2, grunt_ministairs_9
D:14:     layout_long_grid, minmay_misc_feat_enclosed
D:15:     grunt_enter_depths_hoard, layout_basic, minmay_door_square
Temple:   nicolae_temple_figure_eight
Lair:1:   layout_misc_corridors, minmay_shattered_shrine, grunt_megastairs_2,
          infiniplex_staircase_pool_2, uniq_gastronok
Lair:2:   layout_regular_city, basic_altar, pond, serial_bayou_shore_a
Lair:3:   wad_woods_04, layout_regular_city, minmay_snake_entry_guardpost_medium
Lair:4:   layout_long_grid, minmay_shoals_entry_beasts,
          bobbens_dragon_lair_wall, serial_bayou_shore_b, uniq_nergalle
Lair:5:   beast_lair_carwin_large_1, layout_big_grid, grunt_megastairs_1,
          minmay_lair_oklob_chamber
Lair:6:   hangedman_lair_tendril_chambers, layout_cave_shapes, slime_altar_2,
          serial_bayou_shore_b
Snake:1:  layout_onion, lemuel_fruit_tree
Snake:2:  layout_layer_cave
Snake:3:  layout_gridlike, ebering_ghost_inner_flame, uniq_vashnia
Snake:4:  minmay_snake_end_coiled, layout_gridlike, gammafunk_ghost_necromancy,
          serial_shops, shop, minmay_snake_pond, uniq_aizul
Orc:1:    layout_diamond_mine
Orc:2:    grunt_orc_cross, layout_diamond_mine, lemuel_statue_altar,
          uniq_rupert, uniq_erolcha, uniq_snorg
Elf:1:    layout_rooms, serial_shops, shop, hangedman_elf_disciples
Depths:1: layout_honeycomb, hangedman_abyss_or_decor_clamps,
          hangedman_coc_ice_floe, hangedman_cracks_in_the_wall

Skill      XL: |  1  2  3  4  5  6  7  8  9 10 11 12 13 14 15 16 17 |
---------------+----------------------------------------------------+-----
Dodging        | 3 4 5 7 8 9 10 11 12 13 15 16 | 16.5
Long Blades    | 4 5 6 7 8 9 11 12 13 14 15 16 | 16.6
Fighting       | 4 5 6 7 8 9 10 11 12 | 12.5
Shields        | 2 4 6 7 9 10 11 12 13 14 15 | 15.0
Evocations     | 4 6 8 10 12 14 | 14.3
Stealth        | 1 4 5 |  5.4

Action                   |  1- 3 |  4- 6 |  7- 9 | 10-12 | 13-15 | 16-18 || total
-------------------------+-------+-------+-------+-------+-------+-------++-------
Melee: Falchion          |   108 |   123 |   291 |       |       |       ||   522
       Tailslap          |    14 |    18 |    71 |   134 |   317 |   241 ||   795
       Scimitar          |       |       |    91 |   645 |   171 |       ||   907
       Demon blade       |       |       |       |     3 |  1098 |  1214 ||  2315
Invok: Berserk           |       |     3 |     7 |     8 |    10 |     1 ||    29
       Brothers in Arms  |       |       |       |       |     2 |       ||     2
       Trog's Hand       |       |       |       |       |       |     1 ||     1
 Abil: Breathe Noxious F |       |       |    11 |    18 |    18 |     6 ||    53
Evoke: Wand              |       |       |       |    10 |    15 |     9 ||    34
       Lightning rod     |       |       |       |       |       |     6 ||     6
  Use: Scroll            |       |    10 |     5 |    15 |    16 |    11 ||    57
       Potion            |       |       |     1 |     3 |     1 |     3 ||     8
 Stab: Sleeping          |     1 |     1 |       |     1 |     4 |     8 ||    15
       Confused          |       |       |     3 |     9 |    15 |     3 ||    30
       Paralysed         |       |       |       |     3 |     3 |     2 ||     8
       Fleeing           |       |       |       |       |       |     2 ||     2
       Distracted        |       |       |       |       |       |     1 ||     1
Armor: Skin              |    38 |    55 |    88 |   149 |   219 |   128 ||   677
Dodge: Dodged            |    87 |    93 |   229 |   582 |   856 |   606 ||  2453
Block: Buckler           |       |       |    84 |   195 |   346 |    13 ||   638
       Kite shield       |       |       |       |       |       |   623 ||   623
       Rpst.: Falchion   |    30 |    34 |    38 |       |       |       ||   102
       Scimitar          |       |       |    28 |   126 |    32 |       ||   186
       Demon blade       |       |       |       |       |   186 |   122 ||   308

Table legend: (Time is in decaauts)
 A = Elapsed time spent in this place.
 B = Non-inter-level travel time spent in this place.
 C = Inter-level travel time spent in this place.
 D = Time resting spent in this place.
 E = Time spent auto-exploring this place.
 F = Levels seen in this place.
 G = Mean time per level.
                   A        B        C        D        E       F      G
               +--------+--------+--------+--------+--------+-----+--------+
         Total |  39878 |  36802 |   3076 |  12792 |  15488 |  32 | 1246.2 |
       Dungeon |  17169 |  15403 |   1766 |   3759 |   8250 |  15 | 1144.6 |
        Temple |    195 |    185 |     10 |      0 |    181 |   1 |  195.0 |
          Lair |   9330 |   8684 |    646 |   3075 |   4012 |   6 | 1555.0 |
     Snake Pit |   7660 |   7405 |    255 |   3916 |   1449 |   4 | 1915.0 |
  Orcish Mines |   2654 |   2286 |    368 |    631 |    940 |   2 | 1327.0 |
   Elven Halls |    769 |    740 |     29 |    226 |    382 |   1 |  769.0 |
        Depths |     97 |     96 |      1 |     20 |      0 |   1 |   97.0 |
        Bailey |    748 |    748 |      0 |    389 |    101 |   1 |  748.0 |
      Gauntlet |   1253 |   1253 |      0 |    774 |    172 |   1 | 1253.0 |
               +--------+--------+--------+--------+--------+-----+--------+

Top non-repeatable levels by time:
 Snake:4: 2697 daAuts
 Snake:3: 2518 daAuts
     D:8: 1862 daAuts
   Orc:2: 1839 daAuts
  Lair:3: 1813 daAuts
  Lair:1: 1746 daAuts
    D:10: 1712 daAuts
 Snake:2: 1625 daAuts
  Lair:4: 1509 daAuts
    D:14: 1509 daAuts
  Lair:5: 1499 daAuts
  Lair:6: 1424 daAuts
    D:15: 1387 daAuts
  Lair:2: 1337 daAuts
     D:1: 1268 daAuts
